 Dungeon Crawl Stone Soup version 0.22-a0-410-g97be04f (webtiles) character file.

65 Borgoz the Skirmisher (level 4, -1/29 HPs)
             Began as a Gargoyle Abyssal Knight on May 11, 2018.
             Was a Follower of Lugonu.
             Killed from afar by an orc wizard (5 damage)
             ... with a puff of flame
             ... on level 2 of the Dungeon.
             The game lasted 00:02:16 (1020 turns).

Borgoz the Skirmisher (Gargoyle Abyssal Knight)     Turns: 1020, Time: 00:02:17

Health: -1/29      AC: 12    Str: 15    XL:     4   Next: 13%
Magic:  5/5        EV:  6    Int: 13    God:    Lugonu [*.....]
Gold:   108        SH:  0    Dex: 10    Spells: 3/3 levels left

rFire    . . .     SeeInvis .   a - +1 hand axe
rCold    . . .     Gourm    .   (no shield)
rNeg     + . .     Faith    .   d - +0 chain mail
rPois    ∞         Spirit   .   (no helmet)
rElec    +         Reflect  .   (no cloak)
rCorr    .         Harm     .   (no gloves)
MR       .....                  (no boots)
Stlth    ..........             (no amulet)
HPRegen  0.09/turn              (no ring)
MPRegen  0.09/turn              (no ring)

@: no status effects
A: negative energy resistance 1, electricity resistance, unbreathing,
petrification resistance, rot immunity, AC +3
a: Depart the Abyss, Renounce Religion


You were on level 2 of the Dungeon.
You worshipped Lugonu.
Lugonu was aware of your devotion.
You were not hungry.

You visited 1 branch of the dungeon, and saw 2 of its levels.
You visited the Abyss 1 time.

You collected 108 gold pieces.

Inventory:

Hand Weapons
 a - a +1 hand axe (weapon)
Armour
 d - a +0 chain mail (worn)
Scrolls
 e - a scroll of identify {unknown}
Potions
 b - a potion of curing {unknown}
 f - 3 potions of degeneration {unknown}
 g - a potion of haste {unknown}
 h - a potion of might {unknown}
 j - a potion of brilliance {unknown}
Comestibles
 c - 2 rations


   Skills:
 + Level 3.9 Fighting
 + Level 2.5 Axes
 + Level 3.1 Armour
 + Level 1.1 Dodging
 + Level 2.0 Invocations


You had 3 spell levels left.
You didn't know any spells.

Dungeon Overview and Level Annotations

Branches:
Dungeon (2/15)

Altars:


Innate Abilities, Weirdness & Mutations

You are resistant to torment.
Your stone body is resilient. (AC +3)
You are immune to poison.
You resist negative energy. (rN+)
You are resistant to electric shocks. (rElec)
You can survive without breathing.
You are immune to petrification.
You are immune to rotting.


Message History

The orc wizard hits you but does no damage. x2
The orc wizard closely misses you.
The orc wizard hits you but does no damage.
Unknown command.
You hit the orc wizard.
You kill the orc wizard!
Lugonu accepts your kill.
You have reached level 4!
You feel clever.
You hit the orc wizard. The orc wizard barely misses you.
You closely miss the orc wizard.
The orc wizard is severely wounded.
The orc wizard barely misses you.
The orc wizard hits you but does no damage.
You closely miss the orc wizard.
The orc wizard is severely wounded.
The orc wizard hits you but does no damage.
The orc wizard points at you and mumbles some strange words.
The puff of flame hits you!
You die...

## .. #. #.
#. #..###.###
......o@.#
...###)#)#
#.#.# #.#.#
#.#.# #.#.#
#.#.#
#.#.#########
#.........#


You could see an orc wizard.

Vanquished Creatures
  An orc wizard (D:2)
  A dart slug (D:1)
  3 leopard geckos
  2 orcs (D:2)
  4 bats (D:1)
  2 giant cockroaches (D:1)
  2 goblins (D:1)
  4 hobgoblins
  3 jackals (D:1)
  2 frilled lizards
  2 kobolds
  3 rats (D:1)
  A lurking horror (Abyss:3)
30 creatures vanquished.

Notes
Turn   | Place    | Note
-------+----------+-------------------------------------------
     0 | Abyss:1  | Borgoz the Gargoyle Abyssal Knight began the quest for the Orb.
     0 | Abyss:1  | Reached XP level 1. HP: 14/14 MP: 2/2
    89 | Abyss:3  | Noticed a golden eye
    89 | Abyss:3  | Noticed a smoke demon
    91 | D:1      | Escaped the Abyss
   122 | D:1      | Reached skill level 1 in Dodging
   191 | D:1      | Reached XP level 2. HP: 19/19 MP: 3/3
   733 | D:1      | Reached * piety under Lugonu
   733 | D:1      | Reached XP level 3. HP: 19/24 MP: 4/4
  1018 | D:2      | Reached XP level 4. HP: 3/29 MP: 5/5
  1020 | D:2      | Killed from afar by an orc wizard

Vault maps used:
D:1:      evilmike_arrival_plus
D:2:      kennysheep_the_goblin_king, lemuel_round_altar, led_sif_pool,
          kiku_gazebo_garden_becter, lemuel_doored_altar, first_ration
Abyss:1:  evilmike_abyss_exit_3

Skill      XL: |  1  2  3 |
---------------+----------+-----
Dodging        | 1 |  1.1
Axes           | 2 |  2.5
Armour         | 3 |  3.1
Fighting       | |  3.9
Invocations    | |  2.0

Action                   |  1- 3 |  4- 6 || total
-------------------------+-------+-------++-------
Melee: Hand axe          |    90 |     2 ||    92
Invok: Depart the Abyss  |     1 |       ||     1
Armor: Chain mail        |   114 |     2 ||   116
Dodge: Dodged            |    37 |     2 ||    39

Table legend:
 A = Spawn XP
 B = Non-spawn XP
 C = Spawn XP percentage of total XP
 D = Spawn monster count
 E = Non-spawn monster count
 F = Spawn count percentage of total count
 G = Total turns spent on level
                    A         B        C        D         E        F      G
               +---------+---------+-------+---------+---------+-------+---------
         Total |       0 |      93 |   0.0 |       0 |      29 |   0.0 |  1020
               +---------+---------+-------+---------+---------+-------+---------
           D:1 |       0 |      38 |   0.0 |       0 |      21 |   0.0 |   868
           D:2 |       0 |      55 |   0.0 |       0 |       8 |   0.0 |    61
               +---------+---------+-------+---------+---------+-------+---------
